 Dungeon Sprint DCSS version 0.21-a0-47-g7c8f537 (webtiles) character file.

2849 Kidiri the Grappler (level 9, -4/92 HPs)
             Began as a Troll Monk on June 8, 2017.
             Was a Priest of Wu Jian.
             Slain by an 11-headed hydra (14 damage)
             ... in the Dungeon (Sprint IX: "|||||||||||||||||||||||||||||").
             The game lasted 00:04:05 (775 turns).

Kidiri the Grappler (Troll Monk)                     Turns: 775, Time: 00:04:07

Health: -4/92      AC:  7    Str: 24    XL:     9   Next: 46%
Magic:  11/11      EV: 16    Int:  6    God:    Wu Jian [***...]
Gold:   4          SH:  0    Dex: 18    Spells: 8/8 levels left

rFire    . . .     SeeInvis .     - Unarmed
rCold    . . .     Gourm    +   (no shield)
rNeg     . . .     Faith    .   a - +0 robe
rPois    .         Spirit   .   (helmet restricted)
rElec    .         Reflect  .   (no cloak)
rCorr    .         Harm     .   (gloves unavailable)
MR       .....     NoTele   +   (boots unavailable)
Stlth    ++++......             (no amulet)
Regen    0.7/turn               n - +3 ring of strength
MPRegen  0.2/turn               o - +3 ring of dexterity

@: no status effects
A: unfitting armour, claws 3, icy blue scales 1, blurry vision 1, fast
metabolism 3, gourmand, regeneration 1, shaggy fur 1, tough skin 2
a: Renounce Religion


You were in the Dungeon.
You worshipped Wu Jian.
Wu Jian was most pleased with you.
You were full.

You visited 1 branch You collected 4 gold pieces.

Inventory:

Armour
 a - a +0 robe (worn)
Jewellery
 n - a +3 ring of strength (left claw)
 o - a +3 ring of dexterity (right claw)
Wands
 m - a wand of lightning (7/15)
Scrolls
 h - 3 scrolls of blinking
 k - 4 scrolls of remove curse
 l - 2 scrolls of amnesia
 q - a scroll of identify
 r - 2 scrolls of recharging
Potions
 c - 6 potions of curing
 d - 2 potions of heal wounds
 e - a potion of haste
 f - 4 potions of magic
 g - a potion of berserk rage
 i - a potion of brilliance
 j - a potion of invisibility
 p - a potion of agility
Comestibles
 b - 2 bread rations


   Skills:
 + Level 6.7 Fighting
 + Level 6.2 Armour
 * Level 9.3 Dodging
 * Level 6.9 Stealth
 * Level 11.0 Unarmed Combat
 + Level 4.9 Evocations


You had 8 spell levels left.
You didn't know any spells.

Dungeon Overview and Level Annotations

Branches:
Dungeon (1/1)

Altars:
Cheibriados
Dithmenos
Elyvilon
Fedhas
Gozag
Hepliaklqana
Kikubaaqudgha
Makhleb
Nemelex Xobeh
Okawaru
Qazlal
Ru
Sif Muna
Trog
Uskayaw
Vehumet
Wu Jian
Xom
Yredelemnul
Zin
The Shining One
Beogh
Jiyva
Lugonu


Innate Abilities, Weirdness & Mutations

You are too large for most types of armour.
You have claws for hands.
Your metabolism is lightning-fast.
You like to eat raw meat.
Your natural rate of healing is unusually fast.
You are covered in fur. (AC +1)
You have very tough skin. (AC +2)
You are partially covered in icy blue scales. (AC +2)
Scrolls take you a little longer to read.


Message History

Unknown command.
Okay, then.
There is an open door here.
Really read with blurry vision while enemies are nearby? [Y]es or [N]o only, please.
Really read with blurry vision while enemies are nearby? [Y]es or [N]o only, please.
Really read with blurry vision while enemies are nearby?
Okay, then.
Unknown command.
You feel much better. The 11-headed hydra bites you!
* * * LOW HITPOINT WARNING * * *
The 11-headed hydra bites you!
* * * LOW HITPOINT WARNING * * *
The 11-headed hydra closely misses you. The 11-headed hydra misses you. x2
The 11-headed hydra completely misses you.
The 11-headed hydra barely misses you. The 11-headed hydra bites you.
* * * LOW HITPOINT WARNING * * *
The 11-headed hydra bites you!
You die...

▓.▓.▓
▓.▓.▓
▓.▓.▓
▓.▓.▓
▓+▓.▓
▓(▓.▓
▓)▓.▓
▓.▓.▓
▓@▓.▓
▓D▓.▓
▓.▓.▓
▓'▓.▓
▓.▓.▓
▓...▓
▓▓▓▓▓


You could see a 11-headed hydra.

Vanquished Creatures
  A centaur warrior (D)
  An unseen horror (D)
  An ugly thing (D)
  A troll (D)
  A hippogriff (D)
  A wraith (D)
  A phantom (D)
  An ogre (D)
  A necrophage (D)
  A crocodile (D)
  3 bullfrogs (D)
  A crimson imp (D)
  A jelly (D)
  A quasit (D)
  An orc (D)
  2 bat skeletons (D)
  2 giant cockroaches (D)
  A goblin (D)
  A hobgoblin (D)
  2 frilled lizards (D)
25 creatures vanquished.

Vanquished Creatures (others)
  An unseen horror (D)
1 creature vanquished.

Grand Total: 26 creatures vanquished

Notes
Turn   | Place    | Note
-------+----------+-------------------------------------------
     0 | D        | Kidiri the Troll Monk began the quest for the Orb.
     0 | D        | Reached XP level 1. HP: 22/22 MP: 0/0
    12 | D        | Reached skill level 1 in Armour
    30 | D        | Noticed a jelly
    30 | D        | Noticed a necrophage
    30 | D        | Noticed a crimson imp
    34 | D        | Killed a jelly
    34 | D        | Reached skill level 4 in Unarmed Combat
    34 | D        | Reached XP level 2. HP: 17/29 MP: 1/1
    34 | D        | Reached XP level 3. HP: 22/36 MP: 2/2
    38 | D        | Killed a necrophage
    38 | D        | Reached skill level 5 in Unarmed Combat
    38 | D        | Reached XP level 4. HP: 27/46 MP: 3/3
    45 | D        | Reached skill level 6 in Unarmed Combat
    45 | D        | Reached XP level 5. HP: 36/54 MP: 4/4
    55 | D        | Found a roughly hewn altar of Beogh.
    55 | D        | Found a snail-covered altar of Cheibriados.
    55 | D        | Found a shadowy altar of Dithmenos.
    55 | D        | Found a white marble altar of Elyvilon.
    55 | D        | Found a blossoming altar of Fedhas.
    55 | D        | Found an opulent altar of Gozag.
    56 | D        | Found a hazy altar of Hepliaklqana.
    57 | D        | Found a viscous altar of Jiyva.
    58 | D        | Found an ancient bone altar of Kikubaaqudgha.
    59 | D        | Found a corrupted altar of Lugonu.
    60 | D        | Found a burning altar of Makhleb.
    61 | D        | Found a sparkling altar of Nemelex Xobeh.
    62 | D        | Found an iron altar of Okawaru.
    63 | D        | Found a stormy altar of Qazlal.
    64 | D        | Found a sacrificial altar of Ru.
    65 | D        | Found a deep blue altar of Sif Muna.
    66 | D        | Found a bloodstained altar of Trog.
    67 | D        | Found a hide-covered altar of Uskayaw.
    68 | D        | Found a radiant altar of Vehumet.
    69 | D        | Found an ornate altar of the Wu Jian Council.
    70 | D        | Found a shimmering altar of Xom.
    71 | D        | Found a basalt altar of Yredelemnul.
    72 | D        | Found a glowing silver altar of Zin.
    73 | D        | Found a glowing golden altar of the Shining One.
    77 | D        | Became a worshipper of the Wu Jian Council
    77 | D        | Reached * piety under Wu Jian
    77 | D        | Reached ** piety under Wu Jian
   207 | D        | Noticed an ogre
   207 | D        | Noticed a troll
   207 | D        | Noticed a wraith
   216 | D        | Killed an ogre
   216 | D        | Reached skill level 5 in Dodging
   216 | D        | Reached skill level 1 in Evocations
   219 | D        | Killed a troll
   219 | D        | Reached skill level 7 in Unarmed Combat
   219 | D        | Reached XP level 6. HP: 40/63 MP: 4/6
   225 | D        | Killed a wraith
   225 | D        | Reached skill level 5 in Fighting
   225 | D        | Reached skill level 8 in Unarmed Combat
   225 | D        | Reached XP level 7. HP: 49/72 MP: 4/7
   228 | D        | Reached *** piety under Wu Jian
   231 | D        | Reached skill level 5 in Stealth
   287 | D        | Noticed a centaur warrior
   287 | D        | Noticed a red ugly thing
   291 | D        | Killed an unseen horror
   298 | D        | Killed a centaur warrior
   298 | D        | Reached skill level 5 in Armour
   298 | D        | Reached skill level 9 in Unarmed Combat
   298 | D        | Reached XP level 8. HP: 39/83 MP: 9/9
   301 | D        | Reached **** piety under Wu Jian
   306 | D        | Killed an unseen horror
   306 | D        | Reached skill level 10 in Unarmed Combat
   306 | D        | Reached XP level 9. HP: 48/89 MP: 9/11
   311 | D        | Killed a red ugly thing
   322 | D        | Gained mutation: Scrolls take you a little longer to read. [mutagenic meat]
   323 | D        | Gained mutation: You are partially covered in icy blue scales. (AC +2) [mutagenic meat]
   546 | D        | Noticed a seven-headed hydra
   560 | D        | Reached ***** piety under Wu Jian
   560 | D        | Reached skill level 11 in Unarmed Combat
   775 | D        | Slain by an 11-headed hydra

Vault maps used:
D:        linesprint

Skill      XL: |  1  2  3  4  5  6  7  8  9 |
---------------+----------------------------+-----
Armour         | 1 2 3 4 5 6 |  6.2
Dodging        | 3 4 6 8 9 |  9.3
Stealth        | 2 3 4 6 |  6.9
Unarmed Combat | 4 5 6 7 8 9 10 11 | 11.0
Fighting       | 3 4 5 6 |  6.7
Evocations     | 2 3 4 |  4.9

Action                   |  1- 3 |  4- 6 |  7- 9 || total
-------------------------+-------+-------+-------++-------
Melee: Unarmed           |    17 |    19 |    49 ||    85
       Punch             |     1 |       |     1 ||     2
Invok: Serpent's Lash    |       |       |     2 ||     2
       Heavenly Storm    |       |       |     1 ||     1
  Use: Potion            |       |       |     3 ||     3
  Eat: Chunk             |     6 |     1 |     5 ||    12
Armor: Robe              |     3 |     1 |    14 ||    18
Dodge: Dodged            |     3 |    12 |    47 ||    62
